3L
HOUSTON 1837 BBC @ ECHO PARK LAKERS
08/12/2039
 
TOP OF THE 1ST
Houston 1837 BBC batting - Pitching for Echo Park Lakers : LHP Jordan Coffey
Pitching: LHP Jordan Coffey
Batting: RHB Jon Huband 0-0: Ball
1-0: SINGLE (Line Drive, 5D, EV 106.9 MPH)
Batting: RHB Adam Smith 0-0: DOUBLE (Groundball, 5L, EV 101.2 MPH)
Jon Huband to third
Batting: SHB Yeow-whye Zhu 0-0: Ball
1-0: Ball
2-0: Swinging Strike
2-1: Ball
3-1: Base on Balls
Batting: RHB Krystof Melichar 0-0: Called Strike
0-1: Ball
1-1: Grounds into double play, 5-4-3 (Groundball, 56S, EV 86.2 MPH)
Jon Huband scores
Adam Smith to third
Batting: LHB Javier Seco 0-0: Called Strike
0-1: Called Strike
0-2: Strikes out looking
Top of the 1st over - 1 run, 2 hits, 0 errors, 1 left on base; Houston 1 - Echo Park 0
BOTTOM OF THE 1ST
Echo Park Lakers batting - Pitching for Houston 1837 BBC : RHP Timoteo Sassetti
Pitching: RHP Timoteo Sassetti
Batting: LHB Wu-shun Chu 0-0: Ball
1-0: Ball
2-0: Called Strike
2-1: Swinging Strike
2-2: Ball
3-2: Foul Ball, location: 2F
3-2: DOUBLE (Line Drive, 78M, EV 88.1 MPH)
Batting: RHB Ryoma Yamamoto 0-0: Ball
Wu-shun Chu steals 3rd base
1-0: Fly out, F8 (Flyball, 8RS, EV 91.2 MPH)
Batting: LHB Philip Todd 0-0: Ball
1-0: Foul Ball, location: 2F
1-1: Foul Ball, location: 2F
1-2: Fly out, F8 (Flyball, 8RM, EV 93.8 MPH)
Runner from 3rd tags up, SCORES, throw by CF
Batting: LHB John Schaefer 0-0: Ball
1-0: Ball
2-0: Ball
3-0: Called Strike
3-1: Base on Balls
Batting: RHB Kyu-cheol Kye 0-0: Called Strike
0-1: Foul Ball, location: 2F
0-2: Foul Ball, location: 2F
0-2: Fly out, F8 (Flyball, 8RD, EV 106.2 MPH)
Bottom of the 1st over - 1 run, 1 hit, 0 errors, 1 left on base; Houston 1 - Echo Park 1
TOP OF THE 2ND
Houston 1837 BBC batting - Pitching for Echo Park Lakers : LHP Jordan Coffey
Batting: LHB Ramiro Palmeiro 0-0: Ball
1-0: Ball
2-0: Ball
3-0: Base on Balls
Batting: SHB Zack Murphy 0-0: Ball
1-0: Called Strike
1-1: Swinging Strike
1-2: Strikes out swinging
Batting: LHB Bill Dixon 0-0: Fielders Choice at 2nd, 4-6 (Groundball, 34, EV 80.0 MPH)
Batting: RHB David Elías 0-0: Called Strike
0-1: Ball
Bill Dixon is caught stealing 2nd base 2-4
Top of the 2nd over - 0 runs, 0 hits, 0 errors, 0 left on base; Houston 1 - Echo Park 1
BOTTOM OF THE 2ND
Echo Park Lakers batting - Pitching for Houston 1837 BBC : RHP Timoteo Sassetti
Batting: LHB Tomás Muinos 0-0: Ball
1-0: Foul Ball, location: 2F
1-1: Ball
2-1: Ball
3-1: Base on Balls
Batting: RHB Komotay Koffie 0-0: Foul Ball, location: 2F
0-1: Ball
1-1: Swinging Strike
1-2: Foul Ball, location: 2F
1-2: Ball
2-2: Ball
3-2: DOUBLE (Groundball, 5L, EV 104.4 MPH)
Tomás Muinos to third
Batting: RHB Gilberto Juárez 0-0: Called Strike
0-1: Ball
1-1: Called Strike
1-2: Foul Ball, location: 2F
1-2: Strikes out swinging
Batting: RHB Felipe Campos 0-0: Called Strike
0-1: Swinging Strike
0-2: Hit by Pitch
Batting: LHB Wu-shun Chu 0-0: Fly out, F7 (Flyball, 7LS, EV 80.6 MPH)
Batting: RHB Ryoma Yamamoto 0-0: Ball
1-0: Ball
2-0: Foul Ball, location: 2F
2-1: Ball
3-1: Called Strike
3-2: SINGLE (Groundball, 4MD, EV 106.2 MPH)
Tomás Muinos scores
Komotay Koffie to third
Felipe Campos to second
Komotay Koffie scores
Felipe Campos to third
Batting: LHB Philip Todd 0-0: Ball
1-0: Foul Ball, location: 2F
1-1: Ball
2-1: Foul Ball, location: 2F
2-2: Ball
3-2: Fly out, F9 (Flyball, 9LSF, EV 85.6 MPH)
Bottom of the 2nd over - 2 runs, 2 hits, 0 errors, 2 left on base; Houston 1 - Echo Park 3
TOP OF THE 3RD
Houston 1837 BBC batting - Pitching for Echo Park Lakers : LHP Jordan Coffey
Batting: RHB David Elías 0-0: Ball
1-0: Foul Ball, location: 2F
1-1: Ball
2-1: Fly out, F9 (Line Drive, 9D, EV 88.1 MPH)
Batting: RHB Jon Huband 0-0: Called Strike
0-1: Ball
1-1: Ball
2-1: Foul Ball, location: 2F
2-2: SINGLE (Groundball, 4MD, EV 94.4 MPH)
Batting: RHB Adam Smith 0-0: Called Strike
0-1: Called Strike
Jon Huband steals 2nd base
0-2: Fly out, F3 (Line Drive, 3, EV 73.1 MPH)
Batting: SHB Yeow-whye Zhu 0-0: Ball
1-0: Ball
2-0: Ball
3-0: Called Strike
3-1: Fly out, F8 (Flyball, 8RM, EV 96.2 MPH)
Top of the 3rd over - 0 runs, 1 hit, 0 errors, 1 left on base; Houston 1 - Echo Park 3
BOTTOM OF THE 3RD
Echo Park Lakers batting - Pitching for Houston 1837 BBC : RHP Timoteo Sassetti
Batting: LHB John Schaefer 0-0: Ball
1-0: Called Strike
1-1: Fly out, F7 (Flyball, 7S, EV 85.6 MPH)
Batting: RHB Kyu-cheol Kye 0-0: Foul Ball, location: 2F
0-1: Ball
1-1: Ground out 6-3 (Groundball, 6, EV 82.5 MPH)
Batting: LHB Tomás Muinos 0-0: Fly out, F6 (Popup, P, EV 90.0 MPH)
Bottom of the 3rd over - 0 runs, 0 hits, 0 errors, 0 left on base; Houston 1 - Echo Park 3
TOP OF THE 4TH
Houston 1837 BBC batting - Pitching for Echo Park Lakers : LHP Jordan Coffey
Batting: RHB Krystof Melichar 0-0: Ball
1-0: Ball
2-0: Ball
3-0: Called Strike
3-1: Foul Ball, location: 2F
3-2: SINGLE (Line Drive, 5L, EV 95.0 MPH)
Batting: LHB Javier Seco 0-0: Called Strike
Krystof Melichar steals 2nd base
0-1: Foul Ball, location: 2F
0-2: Ground out 6-3 (Groundball, 6M, EV 102.5 MPH)
Krystof Melichar to third
Batting: LHB Ramiro Palmeiro 0-0: Called Strike
0-1: Fly out, F8 (Flyball, 8RD, EV 99.4 MPH)
Runner from 3rd tags up, SCORES, throw by CF
Batting: SHB Zack Murphy 0-0: Ball
1-0: Ground out 5-3 (Groundball, 5S, EV 86.2 MPH)
Top of the 4th over - 1 run, 1 hit, 0 errors, 0 left on base; Houston 2 - Echo Park 3
BOTTOM OF THE 4TH
Echo Park Lakers batting - Pitching for Houston 1837 BBC : RHP Timoteo Sassetti
Batting: RHB Komotay Koffie 0-0: Foul Ball, location: 2F
0-1: Called Strike
0-2: Strikes out swinging
Batting: RHB Gilberto Juárez 0-0: Ball
1-0: Fly out, F7 (Flyball, 7D, EV 106.2 MPH)
Batting: RHB Felipe Campos 0-0: Foul Ball, location: 2F
0-1: Ball
1-1: Swinging Strike
1-2: Strikes out swinging
Bottom of the 4th over - 0 runs, 0 hits, 0 errors, 0 left on base; Houston 2 - Echo Park 3
TOP OF THE 5TH
Houston 1837 BBC batting - Pitching for Echo Park Lakers : LHP Jordan Coffey
Batting: LHB Bill Dixon 0-0: Foul Ball, location: 2F
0-1: Ball
1-1: Swinging Strike
1-2: Foul Ball, location: 2F
1-2: Foul Ball, location: 2F
1-2: Strikes out swinging
Batting: RHB David Elías 0-0: Fly out, F8 (Flyball, 8RD, EV 101.9 MPH)
Batting: RHB Jon Huband 0-0: Ball
1-0: Ball
2-0: Ball
3-0: Called Strike
3-1: Ground out 6-3 (Groundball, 6S, EV 85.6 MPH)
Top of the 5th over - 0 runs, 0 hits, 0 errors, 0 left on base; Houston 2 - Echo Park 3
BOTTOM OF THE 5TH
Echo Park Lakers batting - Pitching for Houston 1837 BBC : RHP Timoteo Sassetti
Batting: LHB Wu-shun Chu 0-0: Called Strike
0-1: Ball
1-1: Ball
2-1: Fly out, F8 (Line Drive, 8RD, EV 93.1 MPH)
Batting: RHB Ryoma Yamamoto 0-0: Ball
1-0: Ground out 6-3 (Groundball, 56, EV 104.4 MPH)
Batting: LHB Philip Todd 0-0: Called Strike
0-1: Called Strike
0-2: Strikes out swinging
Bottom of the 5th over - 0 runs, 0 hits, 0 errors, 0 left on base; Houston 2 - Echo Park 3
TOP OF THE 6TH
Houston 1837 BBC batting - Pitching for Echo Park Lakers : LHP Jordan Coffey
Batting: RHB Adam Smith 0-0: Ball
1-0: Called Strike
1-1: Foul Ball, location: 2F
1-2: Ball
2-2: SINGLE (Groundball, 5D, EV 108.1 MPH)
Batting: SHB Yeow-whye Zhu 0-0: Ball
1-0: Called Strike
1-1: Swinging Strike
1-2: Strikes out swinging
Batting: RHB Krystof Melichar 0-0: Called Strike
0-1: Fly out, F4 (Popup, 34, EV 80.6 MPH)
Pitching: RHP Tate Beason
Batting: LHB Javier Seco 0-0: Ball
1-0: Ball
2-0: Ball
3-0: Called Strike
3-1: Called Strike
3-2: Foul Ball, location: 2F
3-2: Foul Ball, location: 2F
3-2: Ground out 4-3 (Groundball, 4, EV 94.4 MPH)
Top of the 6th over - 0 runs, 1 hit, 0 errors, 1 left on base; Houston 2 - Echo Park 3
BOTTOM OF THE 6TH
Echo Park Lakers batting - Pitching for Houston 1837 BBC : RHP Timoteo Sassetti
Batting: LHB John Schaefer 0-0: Called Strike
0-1: Foul Ball, location: 2F
0-2: Ball
1-2: Strikes out swinging
Pitching: RHP José Ledezma
Batting: RHB Kyu-cheol Kye 0-0: SINGLE (Groundball, 56D, EV 95.6 MPH)
Batting: LHB Tomás Muinos 0-0: Called Strike
0-1: Ball
1-1: Ball
2-1: Fly out, F8 (Flyball, 89D, EV 99.4 MPH)
Batting: RHB Komotay Koffie 0-0: Ball
1-0: Foul Ball, location: 2F
1-1: Ball
2-1: Foul Ball, location: 2F
2-2: Strikes out swinging
Bottom of the 6th over - 0 runs, 1 hit, 0 errors, 1 left on base; Houston 2 - Echo Park 3
TOP OF THE 7TH
Houston 1837 BBC batting - Pitching for Echo Park Lakers : RHP Tate Beason
Batting: LHB Ramiro Palmeiro 0-0: DOUBLE (Line Drive, 3D, EV 101.2 MPH)
Pinch Hitting: LHB César Gómes 0-0: Ground out 6-3 (Groundball, 6M, EV 103.1 MPH)
Ramiro Palmeiro to third
Batting: LHB Bill Dixon 0-0: Ball
1-0: Swinging Strike
1-1: Called Strike
1-2: Strikes out swinging
Batting: RHB David Elías 0-0: Called Strike
0-1: Ground out 5-3 (Groundball, 56, EV 98.8 MPH)
Top of the 7th over - 0 runs, 1 hit, 0 errors, 1 left on base; Houston 2 - Echo Park 3
BOTTOM OF THE 7TH
Echo Park Lakers batting - Pitching for Houston 1837 BBC : RHP José Ledezma
Now in RF: César Gómes
Batting: RHB Gilberto Juárez 0-0: SINGLE (Groundball, 34D, EV 104.4 MPH)
Batting: RHB Felipe Campos 0-0: Ball
1-0: Sac Bunt to 13S - play at first, batter OUT! 1-4
Gilberto Juárez to second
Batting: LHB Wu-shun Chu 0-0: Foul Ball, location: 2F
0-1: Ball
1-1: SINGLE (Groundball, 4D, EV 94.4 MPH)
Gilberto Juárez to third
Runner from 3rd tries for Home, throw by RF and OUT! 9-2
Wu-shun Chu to second
Batting: RHB Ryoma Yamamoto 0-0: Called Strike
0-1: Ball
1-1: Swinging Strike
1-2: Ball
2-2: Ball
3-2: Foul Ball, location: 2F
3-2: SINGLE (Groundball, 34D, EV 93.8 MPH)
Wu-shun Chu to third
Wu-shun Chu scores
Batting: LHB Philip Todd 0-0: Ball
1-0: Swinging Strike
1-1: Foul Ball, location: 2F
1-2: Strikes out swinging
Bottom of the 7th over - 1 run, 3 hits, 0 errors, 1 left on base; Houston 2 - Echo Park 4
TOP OF THE 8TH
Houston 1837 BBC batting - Pitching for Echo Park Lakers : RHP Tate Beason
Batting: RHB Jon Huband 0-0: Ball
1-0: Called Strike
1-1: Ball
2-1: Ball
3-1: Base on Balls
Pitching: RHP Ed Abood
Batting: RHB Adam Smith 0-0: Ball
1-0: Foul Ball, location: 2F
1-1: Ball
2-1: Ball
3-1: Fielders Choice at 2nd, 5-4 (Groundball, 56, EV 103.8 MPH)
Batting: SHB Yeow-whye Zhu 0-0: Ball
1-0: DOUBLE (Line Drive, 3D, EV 96.2 MPH)
Adam Smith to third
Batting: RHB Krystof Melichar 0-0: Ball
1-0: Ball
2-0: Ball
3-0: Called Strike
3-1: Base on Balls
Batting: LHB Javier Seco 0-0: Called Strike
0-1: Foul Ball, location: 2F
0-2: Ball
1-2: Ball
2-2: Strikes out looking
Pitching: RHP Jeffery Prosser
Batting: LHB Ramiro Palmeiro 0-0: Ball
1-0: Ball
2-0: Ball
Wild Pitch!
Adam Smith scores
Yeow-whye Zhu to third
Krystof Melichar to second
3-0: Called Strike
3-1: Base on Balls
Pitching: RHP Mark Collingwood
Batting: LHB César Gómes 0-0: Foul Ball, location: 2F
0-1: Ball
1-1: Called Strike
1-2: Strikes out swinging
Top of the 8th over - 1 run, 1 hit, 0 errors, 3 left on base; Houston 3 - Echo Park 4
BOTTOM OF THE 8TH
Echo Park Lakers batting - Pitching for Houston 1837 BBC : RHP José Ledezma
Batting: LHB John Schaefer 0-0: Reached on error, E3 (Groundball, 34, EV 80.6 MPH)
Pitching: RHP Edmond McCord
Batting: RHB Kyu-cheol Kye 0-0: Fly out, F7 (Flyball, 7D, EV 91.9 MPH)
Runner from 2nd tags up, SAFE at 3rd, no throw by LF
Batting: LHB Tomás Muinos 0-0: Intentional Walk
Batting: RHB Komotay Koffie 0-0: Foul Ball, location: 2F
0-1: Ball
1-1: Swinging Strike
1-2: Foul Ball, location: 2F
1-2: Strikes out swinging
Batting: RHB Gilberto Juárez 0-0: Ball
1-0: Called Strike
1-1: Called Strike
1-2: Ball
2-2: Foul Ball, location: 2F
2-2: Ground out 1-3 (Groundball, 13S, EV 61.2 MPH)
Bottom of the 8th over - 0 runs, 0 hits, 1 error, 2 left on base; Houston 3 - Echo Park 4
TOP OF THE 9TH
Houston 1837 BBC batting - Pitching for Echo Park Lakers : RHP Mark Collingwood
Pitching: RHP Corbin Holling
Now at 1B: Phil Gillespie
Now in RF: Carlos Hernández
Batting: LHB Bill Dixon 0-0: Called Strike
0-1: Ball
1-1: Foul Ball, location: 2F
1-2: Foul Ball, location: 2F
1-2: Strikes out swinging
Pinch Hitting: RHB Min-gook Ch'oe 0-0: Ball
1-0: Foul Ball, location: 2F
1-1: Ball
2-1: Ball
3-1: Ground out U3 (Groundball, 3, EV 101.2 MPH)
Batting: RHB Jon Huband 0-0: Ball
1-0: Foul Ball, location: 2F
1-1: Ball
2-1: Ball
3-1: Swinging Strike
3-2: SINGLE (Groundball, 34D, EV 101.9 MPH)
Batting: RHB Adam Smith 0-0: Fielders Choice at 2nd, 6-4 (Groundball, 6, EV 78.1 MPH)
Top of the 9th over - 0 runs, 1 hit, 0 errors, 1 left on base; Houston 3 - Echo Park 4
Wednesday, July 8th, 2020 - OOTP Baseball 20.8 Build 74